 Dungeon Crawl Stone Soup version 0.27-a0-1200-g94dc6ad4cf (webtiles) character file.

Game seed: 13523437866530353834

37298 27snakeeyes612 the Carver (level 13, -17/121 HPs)
             Began as a Naga Berserker on June 1, 2021.
             Was an Elder of Trog.
             Killed from afar by Frances (52 damage)
             ... with an iron shot
             ... on level 13 of the Dungeon.
             The game lasted 00:22:58 (19180 turns).

27snakeeyes612 the Carver (Naga Berserker)         Turns: 19180, Time: 00:22:58

Health: -17/121    AC:  9    Str: 27    XL:     13   Next: 95%
Magic:  13/13      EV: 16    Int:  9    God:    Trog [****..]
Gold:   802        SH: 24    Dex: 17    Spells: 12/12 levels left

rFire    . . .     SeeInvis +   c - +9 double sword of Sely {venom, rN+}
rCold    . . .     Faith    .   d - +5 tower shield
rNeg     + . .     Spirit   .   J - +0 acid dragon scales
rPois    +         Reflect  .   (no helmet)
rElec    .         Harm     .   o - +0 cloak
rCorr    +         Rampage  .   (no gloves)
Will     +....                  (no barding)
Stlth    +++.......             F - amulet of the Rose {RegenMP Str+4}
HPRegen  0.30/turn              u - +4 ring of evasion
MPRegen  0.38/turn              z - +6 ring of dexterity

@: very slow
A: AC +4, large, see invisible, deformed body, poison resistance, slowness 2,
spit poison 1, naga tail 2
a: Spit Poison, Renounce Religion, Berserk, Trog's Hand, Brothers in Arms


You were on level 13 of the Dungeon.
You worshipped Trog.
Trog was greatly pleased with you.
You visited 1 branch of the dungeon, and saw 13 of its levels.

You collected 802 gold pieces.

Inventory:

Hand Weapons
 c - the +9 double sword of Sely (weapon) {venom, rN+}
   (You acquired it on level 13 of the Dungeon)

   It poisons the flesh of those it strikes.
   It protects you from negative energy.
 e - a +1 vorpal scimitar
 h - a +0 long sword of protection
 y - a +5 scimitar of flaming
Missiles
 g - 8 curare-tipped darts
 E - 3 throwing nets
 Q - 8 atropa-tipped darts
Armour
 b - a +0 animal skin
 d - a +5 tower shield (worn)
 o - a +0 cloak (worn)
 D - the +2 shield of Resistance {rF++ rC++ Will++}
   (You found it on level 9 of the Dungeon)

   It greatly protects you from fire.
   It greatly protects you from cold.
   It greatly increases your willpower.
 J - +0 acid dragon scales (worn)
Jewellery
 u - a +4 ring of evasion (left hand)
 x - an amulet of faith
 z - a +6 ring of dexterity (right hand)
 F - the amulet of the Rose (around neck) {RegenMP Str+4}
   (You found it on level 9 of the Dungeon)

   [amulet of magic regeneration]

   It increases your rate of magic regeneration.
   It affects your strength (+4).
 G - a +4 ring of protection
 O - an amulet of the acrobat
Wands
 p - a wand of paralysis (3)
 s - a wand of acid (9) (quivered)
 B - a wand of flame (7)
 K - a wand of digging (3)
 N - a wand of mindburst (17)
Scrolls
 j - 3 scrolls of fog
 k - 3 scrolls of vulnerability
 t - 5 scrolls of amnesia
 A - a scroll of silence
 C - a scroll of fear
 H - a scroll of magic mapping {unknown}
 I - a scroll of enchant armour
 L - a scroll of enchant weapon
 M - 5 scrolls of identify
Potions
 a - 5 potions of degeneration
 f - 3 potions of cancellation
 i - 6 potions of curing
 l - 5 potions of flight
 m - 4 potions of haste
 n - a potion of brilliance
 q - 2 potions of mutation
 r - a potion of magic
 v - 3 potions of lignification {unknown}
 w - a potion of heal wounds
 R - a potion of might


   Skills:
 + Level 9.1 Fighting
 + Level 13.4 Long Blades
 + Level 4.0 Armour
 + Level 7.9 Dodging
 + Level 7.3 Stealth
 + Level 11.2 Shields
 + Level 2.5 Evocations


You had 12 spell levels left.
You didn't know any spells.
Your spell library was empty.

Dungeon Overview and Level Annotations

Branches:
Dungeon (13/15)            Temple (0/1) D:5            Lair (0/6) D:9
    Orc (0/2) D:11
 Vaults: D:13-14

Altars:
Hepliaklqana
Nemelex Xobeh
Ru
Sif Muna
Trog
Uskayaw
Xom
Zin
The Shining One

Shops:
D:1 (?=

Annotations:
D:13 Frances


Innate Abilities, Weirdness & Mutations

Your serpentine skin is tough. (AC +4)
You have supernaturally acute eyesight. (SInv)
Armour fits poorly on your strangely shaped body.
Your system is resistant to poisons. (rPois)
You cover ground very slowly.
You can spit poison.
You can use your snake-like lower body to constrict enemies.


Message History

You see here a +0 dire flail.
The bolt of acid hits Frances!
Frances is splashed with acid.
Frances is lightly wounded.
Frances shouts!
Frances chants phrases taken from a devil's mouth.
Frances seems to speed up.
The bolt of acid hits Frances!
Frances is splashed with acid!
The acid corrodes Frances!
Frances is moderately wounded.
Frances says, "I speak the language of demons!"
The bolt of acid hits Frances!
Frances is splashed with acid.
Frances seems to be corroded for longer.
Frances is moderately wounded.
Frances hits you from afar with a +0 glaive!
Frances whispers indecipherable words.
The shard of ice hits you!
The bolt of acid hits Frances!
Frances is splashed with acid.
Frances seems to be corroded for longer.
Frances is heavily wounded.
Frances mutters in a terrible tongue.
The shard of ice hits you!
The bolt of acid hits Frances!
Frances is splashed with acid.
Frances is severely wounded.
You block Frances's attack.
Frances says, "Would you challenge me, knowing my power?"
You block Frances's attack. You block Frances's attack.
Frances hits you with a +0 glaive!!
You closely miss Frances. You grab Frances.
Frances is severely wounded.
You constrict Frances!
Frances mutters in a terrible tongue.
You slash Frances!
Frances is poisoned.
Frances is severely wounded.
You constrict Frances.
Frances mutters in a terrible tongue.
The iron shot hits you!!
* * * LOW HITPOINT WARNING * * *
Frances mutters in a terrible tongue.
The iron shot hits you!!!
You die...

.......)#........# ##.#
.......).........####..#
......(...............##
.....).......<....#####
..............##....##
............##.......#
...#.).......#.......#
.####................#
..####..#......@@.####
##.#.............3#
...............#..#
........##.....#.##
.......####.......#
.......###..#.....#
.....#.#....##...##
.....#..........##
.............)...#


You could see Frances (fast, very poisoned, corroded) and a ynoxinul (summoned).

Vanquished Creatures
  Josephine (D:11)
  A hydra (D:10)
  A rakshasa (D:13)
  3 boulder beetles
  Harold (D:8)
  3 centaur warriors (D:13)
  An ogre mage (D:10)
  Erica (D:9)
  7 two-headed ogres
  A skeletal warrior (D:13)
  A deep elf pyromancer (D:13)
  5 large abominations (D:9)
  4 cyclopes
  3 manticores
  2 ugly things
  A centaur zombie (D:10)
  A gargoyle (D:11)
  3 komodo dragons
  A kobold demonologist (D:4)
  8 trolls
  9 slime creatures
  A hornet (D:8)
  A shadow (D:12)
  4 wraiths
  2 yaks
  2 wyverns
  9 vampire mosquitoes
  2 steam dragons
  2 acid dragons
  A water moccasin (D:8)
  Duvessa (D:4)
  A black bear (shapeshifter) (D:13)
  2 sky beasts
  6 orc warriors
  4 black bears
  5 necrophages
  5 ogres
  17 centaurs
  A phantom (D:5)
  A kobold brigand (D:10)
  Blork the orc (D:5)
  A gnoll sergeant (D:12)
  5 scorpions
  3 bullfrogs
  Dowan (D:4)
  A water moccasin zombie (D:7)
  6 small abominations (D:9)
  20 wights
  8 electric eels (D:11)
  3 howler monkeys
  3 bullfrog zombies
  5 orc priests
  4 hounds
  6 jellies
  2 bullfrog skeletons
  An iguana (D:5)
  2 centaur skeletons (D:5)
  9 orc wizards
  6 howler monkey zombies
  A howler monkey skeleton (D:7)
  14 gnolls
  3 adders
  A river rat (D:3)
  An ufetubus (D:3)
  An adder skeleton (D:4)
  3 worms
  A dart slug (D:2)
  40 orcs
  7 ball pythons
  4 bats
  6 endoplasms
  5 giant cockroaches
  8 goblins
  7 hobgoblins
  4 jackals (D:2)
  8 kobolds
  6 quokkas
  4 frilled lizards
  9 rats
345 creatures vanquished.

Vanquished Creatures (collateral kills)
  A centaur warrior (D:13)
  3 skeletal warriors (D:13)
  A komodo dragon (D:13)
  9 slime creatures
14 creatures vanquished.

Vanquished Creatures (others)
  A wizard (D:9)
  A centaur zombie (D:10)
  30 plants (D:11)
32 creatures vanquished.

Grand Total: 391 creatures vanquished

Notes
Turn   | Place    | Note
-------+----------+-------------------------------------------
     0 | D:1      | 27snakeeyes612 the Naga Berserker began the quest for the
                  | Orb.
     0 | D:1      | Reached XP level 1. HP: 21/21 MP: 1/1
   204 | D:1      | Reached XP level 2. HP: 17/28 MP: 2/2
   214 | D:1      | HP: 2/42 [giant cockroach (1)]
   532 | D:1      | Found Vacuf's Weapon Shoppe.
   602 | D:1      | Found Reseet's Magic Scroll Shoppe.
   612 | D:1      | Found Wussugrenu's Jewellery Boutique.
   891 | D:1      | Reached XP level 3. HP: 18/34 MP: 3/3
  1687 | D:2      | Found a shimmering blue altar of Sif Muna.
  1791 | D:2      | Reached ** piety under Trog
  1793 | D:2      | Reached skill level 1 in Stealth
  1927 | D:2      | Reached XP level 4. HP: 42/42 MP: 4/4
  2021 | D:2      | Reached skill level 1 in Shields
  2883 | D:3      | HP: 1/43 [gnoll/+0 club (5)]
  3281 | D:3      | Reached skill level 4 in Long Blades
  3281 | D:3      | Reached XP level 5. HP: 50/50 MP: 5/5
  4118 | D:4      | Noticed a necrophage
  4127 | D:4      | Killed a necrophage
  4128 | D:4      | Reached XP level 6. HP: 57/57 MP: 6/6
  4183 | D:4      | Noticed a black bear
  4191 | D:4      | Killed a black bear
  4277 | D:4      | Noticed Duvessa
  4296 | D:4      | Reached skill level 5 in Long Blades
  4296 | D:4      | Reached XP level 7. HP: 64/64 MP: 7/7
  4516 | D:4      | Identified a scroll of acquirement
  4516 | D:4      | Acquired a +1 scimitar of holy wrath
  4539 | D:3      | Reached *** piety under Trog
  4877 | D:4      | Found a hide-covered altar of Uskayaw.
  5029 | D:4      | Noticed a two-headed ogre
  5037 | D:4      | Killed a two-headed ogre
  5038 | D:4      | Reached skill level 6 in Long Blades
  5038 | D:4      | Reached XP level 8. HP: 72/73 MP: 8/8
  5322 | D:5      | Entered Level 5 of the Dungeon
  5751 | D:5      | Noticed a kobold demonologist
  5906 | D:5      | Reached skill level 7 in Long Blades
  5906 | D:5      | Reached XP level 9. HP: 77/80 MP: 9/9
  5922 | D:5      | Found a staircase to the Ecumenical Temple.
  5940 | D:5      | Reached skill level 5 in Fighting
  5940 | D:5      | Reached skill level 5 in Shields
  6176 | D:4      | Noticed Dowan
  6191 | D:4      | Killed Duvessa
  6197 | D:4      | Killed Dowan
  6411 | D:4      | Killed a kobold demonologist
  6775 | D:5      | Found a sacrificial altar of Ru.
  6966 | D:6      | Noticed Blork the orc
  6998 | D:5      | Killed Blork the orc
  6999 | D:5      | Reached skill level 8 in Long Blades
  7177 | D:6      | Reached skill level 5 in Dodging
  7231 | D:6      | You fall into a shaft and drop 3 floors!
  7262 | D:9      | Noticed Erica
  7275 | D:9      | Killed Erica
  7276 | D:9      | Reached XP level 10. HP: 91/91 MP: 10/10
  7453 | D:8      | Reached skill level 9 in Long Blades
  7917 | D:7      | Reached **** piety under Trog
  8160 | D:6      | Reached skill level 5 in Stealth
  9625 | D:8      | Reached skill level 10 in Long Blades
  9986 | D:8      | Reached XP level 11. HP: 56/99 MP: 11/11
 10073 | D:8      | Noticed Harold
 10086 | D:8      | Killed Harold
 10324 | D:8      | Found a bloodstained altar of Trog.
 11057 | D:9      | Found a shimmering altar of Xom.
 11120 | D:9      | Found a staircase to the Lair.
 11142 | D:9      | Noticed a wizard
 11150 | D:9      | Killed a wizard
 11326 | D:9      | Noticed a large abomination
 11332 | D:9      | Noticed a large abomination
 11340 | D:9      | Killed a large abomination
 11657 | D:9      | Noticed a two-headed ogre
 11671 | D:9      | Killed a two-headed ogre
 11771 | D:9      | Killed a large abomination
 11820 | D:9      | Reached skill level 11 in Long Blades
 12015 | D:9      | Found the +2 shield of Resistance {rF++ rC++ Will++}
 12022 | D:9      | Identified the amulet of the Rose {RegenMP Str+4}
 12319 | D:9      | Found a glowing golden altar of the Shining One.
 12320 | D:9      | Found a glowing silver altar of Zin.
 12322 | D:9      | Found a sparkling altar of Nemelex Xobeh.
 12325 | D:9      | Found a shimmering blue altar of Sif Muna.
 12468 | D:10     | Entered Level 10 of the Dungeon
 12818 | D:10     | Noticed a manticore
 12832 | D:10     | Killed a manticore
 12833 | D:10     | Reached XP level 12. HP: 107/110 MP: 12/12
 12835 | D:10     | Noticed a two-headed ogre
 12844 | D:10     | Killed a two-headed ogre
 12851 | D:10     | Noticed a boulder beetle
 12941 | D:11     | HP: 5/110 [boulder beetle (4)]
 12943 | D:11     | Killed a boulder beetle
 13259 | D:11     | Found a staircase to the Orcish Mines.
 13275 | D:11     | Noticed a two-headed ogre
 13282 | D:11     | Killed a two-headed ogre
 13283 | D:11     | Reached ***** piety under Trog
 13406 | D:10     | Found a hazy altar of Hepliaklqana.
 13496 | D:10     | Noticed a six-headed hydra
 13504 | D:10     | Killed a three-headed hydra
 13721 | D:10     | Noticed an ogre mage
 13729 | D:10     | Killed an ogre mage
 14313 | D:11     | Reached skill level 12 in Long Blades
 15273 | D:11     | Noticed a boulder beetle
 15301 | D:11     | Killed a boulder beetle
 15302 | D:11     | Reached skill level 1 in Evocations
 15464 | D:11     | Noticed Josephine
 16079 | D:11     | Killed Josephine
 16622 | D:12     | Noticed a boulder beetle
 16655 | D:12     | Killed a boulder beetle
 16899 | D:12     | Noticed a two-headed ogre
 16916 | D:12     | Killed a two-headed ogre
 16917 | D:12     | Gained mutation: You can use your snake-like lower body to
                  | constrict enemies. [Naga growth]
 16917 | D:12     | Reached XP level 13. HP: 118/118 MP: 13/13
 16941 | D:12     | Reached skill level 10 in Shields
 18041 | D:13     | Reached skill level 13 in Long Blades
 18128 | D:13     | Found a gate leading to a gauntlet.
 18193 | D:13     | Noticed Frances
 18195 | D:13     | Noticed a rakshasa
 18436 | D:13     | Acquired the +9 double sword of Sely {venom, rN+}
 18635 | D:13     | Killed a rakshasa
 19180 | D:13     | Killed from afar by Frances

Illustrated notes

Levels and vault maps discovered:
D:1:      minmay_arrival_semitransparent, layout_rooms, serial_shops, shop,
          shop, shop
D:2:      layout_rooms, basic_altar
D:3:      layout_basic, gup_sewer_entry_spiral
D:4:      layout_loops_ring, nicolae_uskayaw_suspiria, grunt_ministairs_15,
          uniq_duvessa
D:5:      layout_cave_pools, nicolae_ru_path_of_blood,
          minmay_temple_entry_sparse_star, minmay_chambers_of_fives
D:6:      minmay_spotlight, layout_loops_ring, grunt_ministairs_6, st_stairs_6,
          uniq_blork_the_orc
D:7:      layout_basic, grunt_ministairs_3, sigmund_army
D:8:      kennysheep_ambush_hall, layout_gridville, trog_ov_bears_minmay,
          uniq_harold
D:9:      layout_irregular_city, xom_teletrap_fun, minitemple, lair_entry_dummy,
          laboratory, uniq_erica
D:10:     layout_roguey, nicolae_overflow_hidden_temple, minmay_pinched_square
D:11:     layout_stronghold, orc_0_dummy, chequers_big_river,
          serial_bayou_pond_c, uniq_josephine
D:12:     layout_grid_maze, serial_rivers, chequers_serial_rivers_micro_a,
          chequers_serial_rivers_large_b, chequers_serial_rivers_micro_a,
          chequers_serial_rivers_micro_d, minmay_alternating_orb
D:13:     thingy_vault, layout_cave_pools, gauntlet_entry_generic, uniq_frances

Skill      XL: |  1  2  3  4  5  6  7  8  9 10 11 12 13 |
---------------+----------------------------------------+-----
Dodging        | 2 4 5 6 7 |  7.9
Stealth        | 1 2 3 4 5 6 7 |  7.3
Shields        | 1 2 4 6 7 8 9 11 | 11.2
Long Blades    | 4 5 6 7 8 10 11 12 13 | 13.4
Fighting       | 4 6 7 8 9 |  9.1
Armour         | 3 4 |  4.0
Evocations     | 2 |  2.5

Action                   |  1- 3 |  4- 6 |  7- 9 | 10-12 | 13-15 || total
-------------------------+-------+-------+-------+-------+-------++-------
Melee: Falchion          |    98 |    16 |       |       |       ||   114
       Long sword        |       |    85 |    27 |       |       ||   112
       Scimitar          |       |       |   170 |   535 |   128 ||   833
       Double sword      |       |       |       |       |    43 ||    43
       Constrict         |       |       |       |       |    35 ||    35
Invok: Berserk           |     4 |     5 |     4 |     7 |       ||    20
       Trog's Hand       |       |       |     1 |     6 |     1 ||     8
       Brothers in Arms  |       |       |       |       |     5 ||     5
 Abil: Spit Poison       |    20 |    23 |    27 |    21 |       ||    91
Evoke: Wand              |       |       |       |    24 |     5 ||    29
  Use: Scroll            |       |     5 |     5 |    13 |     3 ||    26
       Potion            |       |     5 |       |     1 |     1 ||     7
 Stab: Sleeping          |     2 |     1 |     1 |     9 |     2 ||    15
       Distracted        |       |       |       |     3 |       ||     3
Armor: Animal skin       |    13 |    11 |    47 |    20 |       ||    91
       Acid dragon scale |       |       |       |    31 |    29 ||    60
Dodge: Dodged            |    24 |     6 |    56 |   160 |    95 ||   341
Block: Tower shield      |    94 |   100 |   243 |   538 |   305 ||  1280
       Kite shield       |       |       |       |    12 |       ||    12
       Rpst.: Falchion   |    10 |       |       |       |       ||    10
       Long sword        |       |     1 |     5 |       |       ||     6
       Scimitar          |       |       |    11 |    44 |    10 ||    65
       Double sword      |       |       |       |       |     1 ||     1

Table legend: (Time is in decaauts)
 A = Elapsed time spent in this place.
 B = Non-inter-level travel time spent in this place.
 C = Inter-level travel time spent in this place.
 D = Time resting spent in this place.
 E = Time spent auto-exploring this place.
 F = Levels seen in this place.
 G = Mean time per level.
                   A        B        C        D        E       F      G
               +--------+--------+--------+--------+--------+-----+--------+
         Total |  23267 |  22504 |    763 |   4213 |  14371 |  13 | 1789.8 |
       Dungeon |  23267 |  22504 |    763 |   4213 |  14371 |  13 | 1789.8 |
               +--------+--------+--------+--------+--------+-----+--------+

Top non-repeatable levels by time:
    D:11: 2677 daAuts
     D:3: 2500 daAuts
     D:8: 2208 daAuts
    D:12: 2106 daAuts
    D:10: 2049 daAuts
     D:9: 2028 daAuts
     D:4: 1836 daAuts
     D:1: 1640 daAuts
     D:7: 1552 daAuts
     D:5: 1497 daAuts
     D:2: 1132 daAuts
     D:6: 1034 daAuts
    D:13: 1002 daAuts
